 Dungeon Crawl Stone Soup version 0.30-a0-883-g5ad918d77d (webtiles) character file.

Game seed: 6281599401199952806

38 112233 the Grave Robber (level 3, -1/25 HPs)
             Began as a Demonspawn Necromancer on Mar 15, 2023.
             Slain by a quokka (2 damage)
             ... on level 2 of the Dungeon.
             The game lasted 00:01:07 (1515 turns).

112233 the Grave Robber (Demonspawn Necromancer)    Turns: 1515, Time: 00:01:08

Health: -1/25      AC:  2    Str:  7 (8)  XL:     3   Next: 25%
Magic:  6/6        EV: 12    Int: 16 (18) God:
Gold:   70         SH:  0    Dex: 12 (13) Spells: 5/6 levels left

rFire   . . .      SeeInvis .    c - +0 whip (drain)
rCold   . . .      Faith    .    (no shield)
rNeg    . . .      Spirit   .    a - +0 robe
rPois   .          Reflect  .    (no helmet)
rElec   .          Rampage  .    (no cloak)
rCorr   .                        (no gloves)
Will    .....                    (no boots)
Stlth   ++                       (no amulet)
HPRegen 0.24/turn                (no ring)
MPRegen 0.10/turn                (no ring)

@: no status effects
A: sturdy frame 1
a: no special abilities


You were on level 2 of the Dungeon.
You visited 1 branch of the dungeon, and saw 2 of its levels.

You collected 70 gold pieces.

Inventory:

Hand Weapons
 c - a +0 whip of draining (weapon)
Armour
 a - a +0 robe (worn)
Scrolls
 d - a scroll of identify {unknown}
 f - a scroll of brand weapon {unknown}
 g - a scroll of magic mapping {unknown}
Potions
 e - a potion of degeneration


   Skills:
 + Level 0.9 Fighting
 + Level 2.2 Dodging
 - Level 1.9 Stealth
 + Level 2.4 Spellcasting
 + Level 4.7 Necromancy


You had 5 spell levels left.
You knew the following spells:

 Your Spells              Type           Power      Damage    Failure   Level
a - Necrotise             Necr           68%        1d7       2%          1

Your spell library contained the following spells:

 Spells                   Type           Power      Damage    Failure   Level
 Vampiric Draining        Necr           17%        2d7       9%          3
 Apportation              Tloc           2%         N/A       21%         1
 Summon Small Mammal      Summ           4%         N/A       21%         1
 Animate Dead             Necr           17%        N/A       28%         4
 Blink                    Tloc           2%         N/A       30%         2
 Agony                    Necr           17%        N/A       61%         5
 Manifold Assault         Tloc           1%         N/A       89%         4
 Storm Form               Tmut/Air       0%         N/A       100%        7


Dungeon Overview and Level Annotations

Branches:
Dungeon (2/15)

Altars:
Kikubaaqudgha


Innate Abilities, Weirdness & Mutations

Your movements are slightly less encumbered by armour. (ER -2)


Message History

Confirm with . or Enter, or press ? or * to list all spells.
Aiming: Necrotise (safe; 2% risk of failure)
Press: ? - help, Shift-Dir - straight line, f/p - worm
Aim: a worm (severely wounded, chance to affect: 84%)
The worm writhes in agony.
The quokka closely misses you.
Your kobold skeleton closely misses the quokka.
The worm bites you.
* * * LOW HITPOINT WARNING * * *
Casting: Necrotise (safe; 2% risk of failure)
Confirm with . or Enter, or press ? or * to list all spells.
You don't have enough magic to cast this spell.
Unknown command.
Unknown command.
It was a potion of degeneration.
There was something very wrong with that liquid.
You feel weakened.
You feel dopey.
You feel clumsy. The quokka bites you.
* * * LOW HITPOINT WARNING * * *
Your kobold skeleton misses the quokka.
Unknown command.
The quokka bites you.
* * * LOW HITPOINT WARNING * * *
Unknown command.
Unknown command.
Your kobold skeleton closely misses the quokka.
The quokka bites you.
* * * LOW HITPOINT WARNING * * *
Magic courses through your body.
Your kobold skeleton hits the quokka but does no damage.
The quokka closely misses you.
Unknown command.
Casting: Necrotise (safe; 2% risk of failure)
Confirm with . or Enter, or press ? or * to list all spells.
Aiming: Necrotise (safe; 2% risk of failure)
Press: ? - help, Shift-Dir - straight line, f/p - worm
Aim: a worm (severely wounded, chance to affect: 81%)
The quokka writhes in agony.
Your kobold skeleton crumbles into dust!
The quokka bites you.
You die...

#. #.................
...#####.[..?............
..................[......
..............##.........
............. #.........
...........# #.........
........w.# ####<.####.##
........r####....#.....#
........@###..####.#####
..?......#...## #.#
...........####....# #
........#######.#### ###
....)...........# ##>.
................# #..#
................# ###.##
................####...#
....................#...


You could see a worm and a quokka.

Vanquished Creatures
  3 bats
  4 endoplasms
  A giant cockroach (D:1)
  A goblin (D:1)
  6 hobgoblins
  2 jackals (D:1)
  5 kobolds
  2 quokkas (D:1)
  2 ball pythons (D:1)
  A frilled lizard (D:2)
  2 rats
29 creatures vanquished.

Vanquished Creatures (collateral kills)
  A goblin (D:1)
  2 rats (D:1)
3 creatures vanquished.

Grand Total: 32 creatures vanquished

Notes
Turn   | Place    | Note
-------+----------+-------------------------------------------
     0 | D:1      | 112233 the Demonspawn Necromancer began the quest for the
                  | Orb.
     0 | D:1      | Reached XP level 1. HP: 13/13 MP: 3/3
   128 | D:1      | Gained mutation: Your movements are slightly less
                  | encumbered by armour. (ER -2) [demonic ancestry]
   128 | D:1      | Reached XP level 2. HP: 19/19 MP: 0/5
   995 | D:1      | Reached XP level 3. HP: 25/25 MP: 1/6
  1270 | D:1      | Found an ancient bone altar of Kikubaaqudgha.
  1513 | D:2      | HP: 1/25 [quokka (2)]
  1515 | D:2      | Slain by a quokka

Illustrated notes

Levels and vault maps discovered:
D:1:      dpeg_arrival_water_altar, layout_basic
D:2:      layout_rooms, minmay_pentomino_r4

Skill      XL: |  1 |
---------------+----+-----
Dodging        | 2 |  2.2
Fighting       | |  0.9
Stealth        | |  1.9
Spellcasting   | |  2.4
Necromancy     | |  4.7

Action                     || total
---------------------------++-------
  Melee: Whip              ||    16
   Cast: Necrotise         ||    54
    Use: Potion            ||     2
   Stab: Distracted        ||     1
 Armour: Robe              ||     5
  Dodge: Dodged            ||    22

Table legend: (Time is in decaauts)
 A = Elapsed time spent in this place.
 B = Non-inter-level travel time spent in this place.
 C = Inter-level travel time spent in this place.
 D = Time resting spent in this place.
 E = Time spent auto-exploring this place.
 F = Levels seen in this place.
 G = Mean time per level.
                   A        B        C        D        E       F      G
               +--------+--------+--------+--------+--------+-----+--------+
         Total |   1518 |   1507 |     11 |      0 |   1351 |   2 |  759.0 |
       Dungeon |   1518 |   1507 |     11 |      0 |   1351 |   2 |  759.0 |
               +--------+--------+--------+--------+--------+-----+--------+

Top non-repeatable levels by time:
     D:1: 1292 daAuts
     D:2: 226 daAuts
